 Dungeon Crawl Stone Soup version 0.20-a0-899-g09a9bfb (webtiles) character file.

154 nikopol the Firebug (level 5, -2/38 HPs)
             Began as a Hill Orc Fire Elementalist on Mar 18, 2017.
             Killed from afar by Natasha (4 damage)
             ... with a magic dart
             ... on level 3 of the Dungeon.
             The game lasted 00:09:49 (2363 turns).

nikopol the Firebug (Hill Orc Fire Elementalist)    Turns: 2363, Time: 00:09:50

Health: -2/38      AC:  4    Str: 11    XL:     5   Next: 36%
Magic:  1/8        EV: 16    Int: 16    God:
Gold:   81         SH:  0    Dex: 11    Spells: 4/8 levels left

rFire    . . .     SeeInvis .   e - +0 club
rCold    . . .     Gourm    .   a - +0 robe
rNeg     . . .     Faith    .   (no shield)
rPois    .         Spirit   .   p - +2 hat
rElec    .         Reflect  .   (no cloak)
rCorr    .         Harm     .   (no gloves)
MR       .....                  (no boots)
Stlth    ++........             (no amulet)
Regen    0.2/turn               (no ring)
MPRegen  0.2/turn               f - +4 ring of evasion

@: very slightly contaminated
A: no striking features
a: no special abilities


You were on level 3 of the Dungeon.
You were not hungry.

You visited 1 branch of the dungeon, and saw 3 of its levels.

You collected 81 gold pieces.

Inventory:

Hand Weapons
 e - a +0 club (weapon)
Armour
 a - a +0 robe (worn)
 p - a +2 hat (worn)
Jewellery
 f - a +4 ring of evasion (left hand)
Wands
 q - a wand of random effects (11/48)
Potions
 d - a potion of cancellation {unknown}
 g - 2 potions of might {unknown}
 j - a potion of resistance {unknown}
 k - a potion of curing {unknown}
 l - 3 potions of flight {unknown}
 m - 2 potions of heal wounds {unknown}
Books
 b - a book of Flames

   Spells                             Type                      Level
   a - Flame Tongue                   Conjuration/Fire             1
   b - Throw Flame                    Conjuration/Fire             2
   c - Conjure Flame                  Conjuration/Fire             3
   d - Inner Flame                    Hexes/Fire                   3
   e - Sticky Flame                   Conjuration/Fire             4
   f - Fireball                       Conjuration/Fire             5
Comestibles
 c - 2 bread rations
 h - 2 royal jellies
 i - a chunk of flesh
 o - 2 fruits


   Skills:
 + Level 2.3 Dodging
 + Level 2.5 Stealth
 + Level 2.3 Spellcasting
 + Level 2.2 Conjurations
 + Level 4.1 Fire Magic


You had 4 spell levels left.
You knew the following spells:

 Your Spells              Type           Power        Failure   Level  Hunger
a - Flame Tongue          Conj/Fire      ##...        8%          1    #......
b - Conjure Flame         Conj/Fire      ##......     17%         3    ###....


Dungeon Overview and Level Annotations

Branches:
Dungeon (3/15)

Altars:
Yredelemnul

Annotations:
D:3 Natasha


Message History

Aim: Natasha (lightly wounded)
You miscast Flame Tongue.
Sparks fly from your hands! Natasha claws you!
* * * LOW HITPOINT WARNING * * *
Casting: Flame Tongue
Confirm with . or Enter, or press ? or * to list all spells.
Aiming: Flame Tongue
Press: ? - help, Shift-Dir - straight line, f/p - Natasha
Aim: Natasha (lightly wounded)
You miscast Flame Tongue.
You feel a strange surge of energy!
Natasha stares at you and mumbles some strange words.
You resist with some effort. The crimson imp barely misses you.
Evoke which item? (* to show all) (? for menu, Esc to quit)
Aiming: Random Effects (will waste charges)
Press: ? - help, Shift-Dir - straight line, f/p - Natasha
Aim: Natasha (lightly wounded) Natasha resists with some effort.
Evoking this partially-identified wand wasted a few charges.
Natasha casts a spell at you. The magic dart hits you!
You die...

#.# #.# ### #.# ..#
#.##### #.# #......
#.# #..####
#.######### #..#
####....5....#####..#
#......@h5..........#
#.##########.######.#
#.######.# #..(.....#
##########


You could see Natasha, a crimson imp and a white imp.

Vanquished Creatures
  Ijyb (D:2)
  Natasha (D:3)
  5 adders (D:2)
  2 oozes
  4 dart slugs
  2 leopard geckos
  4 bats
  2 giant cockroaches (D:2)
  2 gnoll zombies (D:2)
  4 goblins
  6 hobgoblins
  A quokka (D:2)
  A ball python (D:1)
  5 frilled lizards
  4 kobolds
  2 rats (D:1)
46 creatures vanquished.

Notes
Turn   | Place    | Note
-------+----------+-------------------------------------------
     0 | D:1      | nikopol the Hill Orc Fire Elementalist began the quest for the Orb.
     0 | D:1      | Reached XP level 1. HP: 14/14 MP: 3/3
   312 | D:1      | Reached XP level 2. HP: 20/20 MP: 0/4
   651 | D:1      | Reached XP level 3. HP: 26/26 MP: 2/5
   708 | D:1      | Learned a level 3 spell: Conjure Flame
  1363 | D:2      | Reached XP level 4. HP: 23/33 MP: 0/7
  1851 | D:2      | Found a basalt altar of Yredelemnul.
  2200 | D:3      | Noticed Ijyb
  2207 | D:2      | Killed Ijyb
  2207 | D:2      | Reached skill level 4 in Fire Magic
  2207 | D:2      | Reached XP level 5. HP: 32/38 MP: 2/8
  2345 | D:3      | Noticed Natasha
  2353 | D:3      | Killed Natasha
  2353 | D:3      | Noticed Natasha
  2363 | D:3      | Killed from afar by Natasha

Vault maps used:
D:1:      grunt_arrival_lava_bath, kennysheep_pointless_box,
          kennysheep_another_room
D:2:      lemuel_zombie_altar_yredelemnul
D:3:      portal_sewer_entry_e, uniq_sigmund, uniq_natasha, uniq_terence,
          uniq_iyjb

Skill      XL: |  1  2  3  4 |
---------------+-------------+-----
Stealth        | 2 |  2.5
Spellcasting   | 2 |  2.3
Dodging        | 2 |  2.3
Conjurations   | 2 |  2.2
Fire Magic     | 4 |  4.1

Action                   |  1- 3 |  4- 6 || total
-------------------------+-------+-------++-------
Melee: Club              |    31 |     7 ||    38
 Cast: Flame Tongue      |    50 |    43 ||    93
Evoke: Wand              |       |     1 ||     1
  Use: Scroll            |       |     1 ||     1
  Eat: Chunk             |     2 |     4 ||     6
Armor: Robe              |     7 |     2 ||     9
Dodge: Dodged            |    44 |    18 ||    62
